TOP OF THE 1ST |
Akron RubberDucks batting - Pitching for Arkansas Travelers : RHP Chris Russell
|
Pitching: RHP Chris Russell
|
|
Batting: RHB Solange Le Coq
|
0-0: Ball 1-0: Ball 2-0: Ground out 5-3 (Groundball, 56S, EV 90.6 MPH)
|
Batting: RHB Justin Lauderdale
|
0-0: Called Strike 0-1: Ball 1-1: Ground out 4-3 (Groundball, 4, EV 106.9 MPH)
|
Batting: SHB Valentin Laporte
|
0-0: Ground out 6-3 (Groundball, 6, EV 112.5 MPH)
|
Top of the 1st over - 0 runs, 0 hits, 0 errors, 0 left on base; Akron 0 - Arkansas 0 |
BOTTOM OF THE 1ST |
Arkansas Travelers batting - Pitching for Akron RubberDucks : RHP Yuri Bijleveld
|
Pitching: RHP Yuri Bijleveld
|
|
Batting: RHB Jose Ramirez
|
0-0: Called Strike 0-1: Ball 1-1: SINGLE (Flyball, 7LS, EV 98.1 MPH)
|
Batting: RHB Juan Montez
|
0-0: Ball 1-0: Ball 2-0: Grounds into double play, 6-4-3 (Groundball, 6, EV 80.6 MPH)
|
Batting: LHB Mark Reeg
|
0-0: Ground out 4-3 (Groundball, 4, EV 80.6 MPH)
|
Bottom of the 1st over - 0 runs, 1 hit, 0 errors, 0 left on base; Akron 0 - Arkansas 0 |
TOP OF THE 2ND |
Akron RubberDucks batting - Pitching for Arkansas Travelers : RHP Chris Russell
|
Batting: RHB Carlos Abrego
|
0-0: Foul Ball, location: 2F 0-1: Ground out 6-3 (Groundball, 6M, EV 105.6 MPH)
|
Batting: RHB Tristan Wright
|
0-0: Ball 1-0: Called Strike 1-1: Ball 2-1: Ground out 4-3 (Groundball, 4MD, EV 85.0 MPH)
|
Batting: LHB Esteban Cordova
|
0-0: Foul Ball, location: 2F 0-1: Foul Ball, location: 2F 0-2: Ball 1-2: Strikes out swinging
|
Top of the 2nd over - 0 runs, 0 hits, 0 errors, 0 left on base; Akron 0 - Arkansas 0 |
BOTTOM OF THE 2ND |
Arkansas Travelers batting - Pitching for Akron RubberDucks : RHP Yuri Bijleveld
|
Batting: SHB Mario Padron
|
0-0: Ball 1-0: Called Strike 1-1: Called Strike 1-2: Ball 2-2: Foul Ball, location: 2F 2-2: DOUBLE (Flyball, 89XD, EV 102.5 MPH)
|
Batting: RHB Juan Martinez
|
0-0: Ball 1-0: Ball 2-0: Called Strike 2-1: Swinging Strike 2-2: Ball 3-2: Foul Ball, location: 2F 3-2: Foul Ball, location: 2F 3-2: Ground out 2-3 (Groundball, 2L, EV 66.9 MPH) Mario Padron to third
|
Batting: RHB Ryuji Ito
|
0-0: Ball 1-0: Called Strike 1-1: Foul Ball, location: 2F 1-2: Ball 2-2: Ball 3-2: Foul Ball, location: 2F 3-2: Foul Ball, location: 2F 3-2: Base on Balls
|
Batting: LHB Griffin Ferris
|
0-0: Called Strike 0-1: Ball 1-1: Swinging Strike 1-2: Ball 2-2: SINGLE (Groundball, 6D, EV 98.1 MPH) Mario Padron scores Ryuji Ito to second
|
Batting: RHB Timoleon Tsikouna
|
0-0: Fly out, F7 (Flyball, 78M, EV 87.5 MPH)
|
Batting: RHB Bryan Payne
|
0-0: Ball 1-0: Fly out, F8 (Line Drive, 8LM, EV 103.8 MPH)
|
Bottom of the 2nd over - 1 run, 2 hits, 0 errors, 2 left on base; Akron 0 - Arkansas 1 |
TOP OF THE 3RD |
Akron RubberDucks batting - Pitching for Arkansas Travelers : RHP Chris Russell
|
Batting: LHB Nick Welling
|
0-0: Ball 1-0: Called Strike 1-1: Ball 2-1: Called Strike 2-2: Strikes out looking
|
Batting: RHB Mitch Boyd
|
0-0: Ball 1-0: Ball 2-0: Foul Ball, location: 2F 2-1: Ball 3-1: Base on Balls
|
Batting: RHB Charles Marcel
|
0-0: Ball Mitch Boyd is caught stealing 2nd base 2-4 1-0: Ground out 5-3 (Groundball, 56S, EV 83.1 MPH)
|
Top of the 3rd over - 0 runs, 0 hits, 0 errors, 0 left on base; Akron 0 - Arkansas 1 |
BOTTOM OF THE 3RD |
Arkansas Travelers batting - Pitching for Akron RubberDucks : RHP Yuri Bijleveld
|
Batting: RHB Jose Ramirez
|
0-0: Foul Ball, location: 2F 0-1: Ball 1-1: Swinging Strike 1-2: Strikes out swinging
|
Batting: RHB Juan Montez
|
0-0: Ball 1-0: Ball 2-0: Foul Ball, location: 2F 2-1: Ground out 3-1 (Groundball, 34S, EV 85.0 MPH)
|
Batting: LHB Mark Reeg
|
0-0: Called Strike 0-1: Ball 1-1: Swinging Strike 1-2: Ball 2-2: Strikes out swinging
|
Bottom of the 3rd over - 0 runs, 0 hits, 0 errors, 0 left on base; Akron 0 - Arkansas 1 |
TOP OF THE 4TH |
Akron RubberDucks batting - Pitching for Arkansas Travelers : RHP Chris Russell
|
Batting: RHB Solange Le Coq
|
0-0: Fly out, F8 (Flyball, 8RS, EV 86.2 MPH)
|
Batting: RHB Justin Lauderdale
|
0-0: Called Strike 0-1: Ball 1-1: Ball 2-1: Ball 3-1: Foul Ball, location: 2F 3-2: Ground out 5-3 (Groundball, 56S, EV 73.1 MPH)
|
Batting: SHB Valentin Laporte
|
0-0: Ball 1-0: Ball 2-0: Ball 3-0: Called Strike 3-1: Ground out 6-3 (Groundball, 6, EV 85.0 MPH)
|
Top of the 4th over - 0 runs, 0 hits, 0 errors, 0 left on base; Akron 0 - Arkansas 1 |
BOTTOM OF THE 4TH |
Arkansas Travelers batting - Pitching for Akron RubberDucks : RHP Yuri Bijleveld
|
Batting: SHB Mario Padron
|
0-0: Ball 1-0: Foul Ball, location: 2F 1-1: Ground out 1-3 (Groundball, P, EV 67.5 MPH)
|
Batting: RHB Juan Martinez
|
0-0: Called Strike 0-1: Called Strike 0-2: Ball 1-2: Ball 2-2: Fly out, F9 (Flyball, 9D, EV 103.1 MPH)
|
Batting: RHB Ryuji Ito
|
0-0: Foul Ball, location: 2F 0-1: Foul Ball, location: 2F 0-2: Ball 1-2: Foul Ball, location: 2F 1-2: Fly out, F9 (Flyball, 9LM, EV 93.8 MPH)
|
Bottom of the 4th over - 0 runs, 0 hits, 0 errors, 0 left on base; Akron 0 - Arkansas 1 |
TOP OF THE 5TH |
Akron RubberDucks batting - Pitching for Arkansas Travelers : RHP Chris Russell
|
Batting: RHB Carlos Abrego
|
0-0: Foul Ball, location: 2F 0-1: Ball 1-1: Swinging Strike 1-2: Strikes out swinging
|
Batting: RHB Tristan Wright
|
0-0: SOLO HOME RUN (Flyball, 9D, EV 98.8 MPH), Distance : 383 ft
|
Batting: LHB Esteban Cordova
|
0-0: Ball 1-0: Foul Ball, location: 2F 1-1: Called Strike 1-2: Ball 2-2: Strikes out swinging
|
Batting: LHB Nick Welling
|
0-0: Ball 1-0: Ball 2-0: Ball 3-0: Base on Balls
|
Batting: RHB Mitch Boyd
|
0-0: Ball Nick Welling steals 2nd base (no throw) 1-0: SINGLE (Line Drive, 34D, EV 108.8 MPH) Nick Welling to third Runner from 3rd tries for Home, SAFE, throw by RF to home Mitch Boyd to second
|
Batting: RHB Charles Marcel
|
0-0: Ball 1-0: Called Strike 1-1: Called Strike 1-2: Foul Ball, location: 2F 1-2: Strikes out swinging
|
Top of the 5th over - 2 runs, 2 hits, 0 errors, 1 left on base; Akron 2 - Arkansas 1 |
BOTTOM OF THE 5TH |
Arkansas Travelers batting - Pitching for Akron RubberDucks : RHP Yuri Bijleveld
|
Batting: LHB Griffin Ferris
|
0-0: Called Strike 0-1: Swinging Strike 0-2: Strikes out swinging
|
Batting: RHB Timoleon Tsikouna
|
0-0: Foul Ball, location: 2F 0-1: Ball 1-1: Ball 2-1: Called Strike 2-2: Foul Ball, location: 2F 2-2: Fly out, F8 (Flyball, 8LS, EV 95.6 MPH)
|
Batting: RHB Bryan Payne
|
0-0: Called Strike 0-1: Ball 1-1: Foul Ball, location: 2F 1-2: Strikes out swinging
|
Bottom of the 5th over - 0 runs, 0 hits, 0 errors, 0 left on base; Akron 2 - Arkansas 1 |
TOP OF THE 6TH |
Akron RubberDucks batting - Pitching for Arkansas Travelers : RHP Chris Russell
|
Batting: RHB Solange Le Coq
|
0-0: Ball 1-0: Foul Ball, location: 2F 1-1: Called Strike 1-2: Ball 2-2: Strikes out looking
|
Batting: RHB Justin Lauderdale
|
0-0: Called Strike 0-1: Foul Ball, location: 2F 0-2: Ball 1-2: Ground out 1-3 (Groundball, 13S, EV 73.1 MPH)
|
Batting: SHB Valentin Laporte
|
0-0: Foul Ball, location: 2F 0-1: Foul Ball, location: 2F 0-2: Strikes out looking
|
Top of the 6th over - 0 runs, 0 hits, 0 errors, 0 left on base; Akron 2 - Arkansas 1 |
BOTTOM OF THE 6TH |
Arkansas Travelers batting - Pitching for Akron RubberDucks : RHP Yuri Bijleveld
|
Batting: RHB Jose Ramirez
|
0-0: Ball 1-0: Ball 2-0: Swinging Strike 2-1: Ball 3-1: Base on Balls
|
Batting: RHB Juan Montez
|
0-0: Ball Jose Ramirez is caught stealing 2nd base 2-4 1-0: Ground out 5-3 (Groundball, 5, EV 98.1 MPH)
|
Batting: LHB Mark Reeg
|
0-0: Ball 1-0: Called Strike 1-1: Foul Ball, location: 2F 1-2: Fly out, F7 (Flyball, 7, EV 92.5 MPH)
|
Bottom of the 6th over - 0 runs, 0 hits, 0 errors, 0 left on base; Akron 2 - Arkansas 1 |
TOP OF THE 7TH |
Akron RubberDucks batting - Pitching for Arkansas Travelers : RHP Chris Russell
|
Batting: RHB Carlos Abrego
|
0-0: Called Strike 0-1: Ground out U3 (Groundball, 34, EV 107.5 MPH)
|
Batting: RHB Tristan Wright
|
0-0: Foul Ball, location: 2F 0-1: Foul Ball, location: 2F 0-2: Ball 1-2: Foul Ball, location: 2F 1-2: Ball 2-2: Ball 3-2: Foul Ball, location: 2F 3-2: Base on Balls
|
Batting: LHB Esteban Cordova
|
0-0: Ball 1-0: Called Strike 1-1: Ball 2-1: Called Strike 2-2: Grounds into double play, 4-6-3 (Groundball, 4, EV 84.4 MPH)
|
Top of the 7th over - 0 runs, 0 hits, 0 errors, 0 left on base; Akron 2 - Arkansas 1 |
BOTTOM OF THE 7TH |
Arkansas Travelers batting - Pitching for Akron RubberDucks : RHP Yuri Bijleveld
|
Now at 1B: Willie Gonzales
|
|
Now at 2B: Mitch Boyd
|
|
Now at SS: Rico Coss
|
|
Batting: SHB Mario Padron
|
0-0: Hit by Pitch
|
Batting: RHB Juan Martinez
|
|
Pinch Hitting: LHB Justin Balthazor
|
0-0: Called Strike Mario Padron steals 2nd base (no throw) 0-1: SINGLE (Groundball, 34D, EV 96.2 MPH) Mario Padron to third Runner from 3rd tries for Home, SAFE, throw by RF to home
|
Batting: RHB Ryuji Ito
|
0-0: Bunt missed! 0-1: Reached on error, E2 (Groundball, 2R, EV 43.8 MPH) Justin Balthazor to third
|
Batting: LHB Griffin Ferris
|
0-0: Intentional Walk
|
Batting: RHB Timoleon Tsikouna
|
0-0: Foul Ball, location: 2F 0-1: Called Strike 0-2: Strikes out swinging
|
Batting: RHB Bryan Payne
|
0-0: Called Strike 0-1: Swinging Strike 0-2: Ball 1-2: Foul Ball, location: 2F 1-2: Foul Ball, location: 2F 1-2: Strikes out looking
|
Pitching: RHP Chris DeVall
|
|
Batting: RHB Jose Ramirez
|
0-0: Swinging Strike 0-1: Ball 1-1: Foul Ball, location: 2F 1-2: Foul Ball, location: 2F 1-2: Foul Ball, location: 2F 1-2: Ground out U3 (Groundball, 34, EV 90.6 MPH)
|
Bottom of the 7th over - 1 run, 1 hit, 1 error, 3 left on base; Akron 2 - Arkansas 2 |
TOP OF THE 8TH |
Akron RubberDucks batting - Pitching for Arkansas Travelers : RHP Chris Russell
|
Now in CF: Barrfhionn O'Toole
|
|
Batting: LHB Nick Welling
|
0-0: Ball 1-0: Swinging Strike 1-1: Called Strike 1-2: Ball 2-2: Ball 3-2: SOLO HOME RUN (Flyball, 9LD, EV 93.1 MPH), Distance : 347 ft
|
Pitching: LHP Steve McClain
|
|
Batting: RHB Mitch Boyd
|
0-0: Fly out, F7 (Flyball, 78S, EV 93.1 MPH)
|
Batting: RHB Charles Marcel
|
0-0: Ball 1-0: Called Strike 1-1: Ball 2-1: Swinging Strike 2-2: Foul Ball, location: 2F 2-2: Fly out, F4 (Flyball, 34D, EV 84.4 MPH)
|
Batting: RHB Solange Le Coq
|
0-0: Called Strike 0-1: Called Strike 0-2: Foul Ball, location: 2F 0-2: Ball 1-2: Strikes out looking
|
Top of the 8th over - 1 run, 1 hit, 0 errors, 0 left on base; Akron 3 - Arkansas 2 |
BOTTOM OF THE 8TH |
Arkansas Travelers batting - Pitching for Akron RubberDucks : RHP Chris DeVall
|
Batting: RHB Juan Montez
|
0-0: Foul Ball, location: 2F 0-1: Ball 1-1: Swinging Strike 1-2: Strikes out swinging
|
Pitching: LHP Manny Trump
|
|
Batting: LHB Mark Reeg
|
0-0: SINGLE (Line Drive, 9LS, EV 111.2 MPH)
|
Batting: SHB Mario Padron
|
0-0: Ball 1-0: Swinging Strike 1-1: Fielders Choice at 2nd, 6-4 (Groundball, 56, EV 78.1 MPH)
|
Batting: LHB Barrfhionn O'Toole
|
0-0: Ball 1-0: Foul Ball, location: 2F 1-1: Called Strike 1-2: Ball 2-2: Ground out 1-3 (Groundball, 34S, EV 71.2 MPH)
|
Bottom of the 8th over - 0 runs, 1 hit, 0 errors, 1 left on base; Akron 3 - Arkansas 2 |
TOP OF THE 9TH |
Akron RubberDucks batting - Pitching for Arkansas Travelers : LHP Steve McClain
|
Pitching: RHP Jason Smallwood
|
|
Batting: RHB Justin Lauderdale
|
0-0: Called Strike 0-1: Ball 1-1: Fly out, F8 (Flyball, 8LS, EV 85.6 MPH)
|
Batting: RHB Rico Coss
|
0-0: Ball 1-0: Foul Ball, location: 2F 1-1: Ball 2-1: Ground out 4-3 (Groundball, 4, EV 85.6 MPH)
|
Batting: RHB Carlos Abrego
|
0-0: Ball 1-0: Called Strike 1-1: Ball 2-1: Foul Ball, location: 2F 2-2: Strikes out swinging
|
Top of the 9th over - 0 runs, 0 hits, 0 errors, 0 left on base; Akron 3 - Arkansas 2 |
BOTTOM OF THE 9TH |
Arkansas Travelers batting - Pitching for Akron RubberDucks : LHP Manny Trump
|
Pitching: RHP Juan Flores
|
|
Batting: RHB Ryuji Ito
|
0-0: Foul Ball, location: 2F 0-1: Ball 1-1: Foul Ball, location: 2F 1-2: Ball 2-2: Ball 3-2: Base on Balls
|
Batting: LHB Griffin Ferris
|
0-0: Ball 1-0: Ball 2-0: Ball 3-0: Called Strike 3-1: Base on Balls Ryuji Ito to second
|
Batting: RHB Timoleon Tsikouna
|
0-0: Grounds into double play, 1-4-3 (Groundball, 25, EV 66.9 MPH) Ryuji Ito to third
|
Batting: RHB Bryan Payne
|
0-0: Ground out 6-3 (Groundball, 6MD, EV 103.8 MPH)
|
Bottom of the 9th over - 0 runs, 0 hits, 0 errors, 1 left on base; Akron 3 - Arkansas 2 |
|